 Dungeon Crawl Stone Soup version 0.27.1-2-g3b301248ec (webtiles) character file.

Game seed: 16178940042139241249

3017 Dexcius the Cleaver (level 9, -9/80 HPs)
             Began as a Minotaur Berserker on Sept 26, 2021.
             Was an Elder of Trog.
             Mangled by an orc warrior (14 damage)
             ... on level 6 of the Dungeon.
             The game lasted 00:15:53 (5087 turns).

Dexcius the Cleaver (Minotaur Berserker)            Turns: 5087, Time: 00:15:55

Health: -9/80      AC: 14    Str: 24    XL:     9   Next: 55%
Magic:  8/8        EV:  9    Int:  4    God:    Trog [****..]
Gold:   241        SH:  4    Dex: 11    Spells: 8/8 levels left

rFire    . . .     SeeInvis .   g - +0 war axe
rCold    . . .     Faith    .   h - +0 buckler
rNeg     . . .     Spirit   .   k - +2 chain mail {Will+}
rPois    .         Reflect  .   (helmet restricted)
rElec    .         Harm     .   (no cloak)
rCorr    .         Rampage  .   o - +0 pair of gloves
Will     +....                  (no boots)
Stlth    ..........             (no amulet)
HPRegen  0.23/turn              (no ring)
MPRegen  0.11/turn              (no ring)

@: about to teleport, on berserk cooldown, slowed, very slow
A: horns 2, retaliatory headbutt
a: Renounce Religion, Berserk, Trog's Hand, Brothers in Arms


You were on level 6 of the Dungeon.
You worshipped Trog.
Trog was greatly pleased with you.
You visited 1 branch of the dungeon, and saw 6 of its levels.

You collected 241 gold pieces.

Inventory:

Hand Weapons
 g - a +0 war axe (weapon)
 m - the +1 flail of Desperation {freeze, Contam rN+ rCorr Dex+5}
   (You took it off a kobold on level 4 of the Dungeon)

   It freezes those it strikes, dealing additional cold damage.
   It can also slow down cold-blooded creatures.
   Dex:       It affects your dexterity (+5).
   rN:        It protects you from negative energy.
   Contam:    It causes magical contamination when unequipped.
   rCorr:     It protects you from acid and corrosion.
Armour
 h - a +0 buckler (worn)
 k - a +2 chain mail of willpower (worn)
 o - a +0 pair of gloves (worn)
Wands
 b - a wand of digging (4)
Scrolls
 d - a scroll of fog
 e - a scroll of identify
 i - 2 scrolls of teleportation
 j - a scroll of enchant armour
Potions
 c - 4 potions of flight
 f - a potion of might


   Skills:
 + Level 7.6 Fighting
 + Level 11.0 Axes
 + Level 8.3 Armour
 + Level 4.3 Dodging
 + Level 1.2 Stealth
 + Level 3.5 Shields


You had 8 spell levels left.
You didn't know any spells.
Your spell library was empty.

Dungeon Overview and Level Annotations

Branches:
Dungeon (6/15)
 Temple: D:4-7

Altars:
Dithmenos
Elyvilon
Kikubaaqudgha
Makhleb
Okawaru
Zin

Shops:
D:1 !

Annotations:
D:4 2 runed translucent doors


Innate Abilities, Weirdness & Mutations

You have a pair of horns on your head.
You reflexively headbutt those who attack you in melee.


Message History

The gnoll throws a stone.
You block the stone.
You hear the quick hiss of a very distant avalanche of sand.
The gnoll hits you with a +0 flail.
* * * LOW HITPOINT WARNING * * *
The water moccasin bites you but does no damage.
The gnoll hits you but does no damage. The water moccasin closely misses you.
You closely miss the gnoll. You headbutt the gnoll!
The gnoll is heavily wounded.
You slash the water moccasin!
The water moccasin bites you but does no damage.
The gnoll hits you with a +0 flail.
* * * LOW HITPOINT WARNING * * *
The water moccasin bites you but does no damage.
You feel better. The gnoll hits you with a +0 flail!
* * * LOW HITPOINT WARNING * * *
You block the water moccasin's attack. The gnoll hits you with a +0 flail.
* * * LOW HITPOINT WARNING * * *
The water moccasin bites you but does no damage.
You slash the gnoll!
You kill the gnoll!
Trog accepts your kill.
You barely miss the water moccasin.
The water moccasin bites you but does no damage. x2
The orc warrior hits you with a +0 long sword.
* * * LOW HITPOINT WARNING * * *
You hit the orc warrior. You headbutt the orc warrior.
The orc warrior is lightly wounded.
You barely miss the water moccasin.
The water moccasin bites you but does no damage.
The orc warrior hits you with a +0 long sword.
* * * LOW HITPOINT WARNING * * *
The water moccasin barely misses you.
Okay, then.
As you read the scroll of teleportation, it crumbles to dust.
You feel strangely unstable.
The water moccasin bites you but does no damage.
The orc warrior hits you but does no damage.
The water moccasin bites you but does no damage.
The orc warrior hits you with a +0 long sword!
You die...

#### .># ## #####.#
........###########
#................##
#..###)...........#
#..))55.).........#
.......##oS..........#
.....g. #@.########)##
...5... #..# #.#
....... #...#
###.###### ..o....
#.#.# #.........
h...... ..#.#
#.#.###.##
.......##.#.# #.#.#
#.# #.#.# #.#.# #.##
... ....# #.## #.#
###.#####..#


You could see an orc warrior, a water moccasin, a white imp and a shadow imp.

Vanquished Creatures
  A yak (D:5)
  3 vampire mosquitoes (D:6)
  3 water moccasins
  2 sky beasts (D:5)
  A necrophage (D:5)
  2 ogres
  3 centaurs
  A phantom (D:4)
  A kobold brigand (D:6)
  5 scorpions (D:5)
  A water moccasin zombie (D:6)
  2 centaur zombies
  2 bullfrog skeletons
  An orc priest (D:6)
  2 hounds
  3 jellies
  Natasha (thrice) (D:3)
  2 iguanas
  An orc wizard (D:4)
  A hound zombie (D:5)
  4 gnolls
  10 adders
  2 shadow imps (D:5)
  2 white imps (D:5)
  An ufetubus (D:5)
  An adder skeleton (D:4)
  2 worms
  2 dart slugs
  19 orcs
  7 ball pythons
  11 endoplasms
  3 giant cockroaches (D:4)
  11 goblins
  5 hobgoblins
  6 jackals
  2 quokkas
  5 bats
  3 frilled lizards
  13 kobolds
  A rat (D:2)
150 creatures vanquished.

Notes
Turn   | Place    | Note
-------+----------+-------------------------------------------
     0 | D:1      | Dexcius the Minotaur Berserker began the quest for the Orb.
     0 | D:1      | Reached XP level 1. HP: 19/19 MP: 0/0
    12 | D:1      | Found Eklehaxiu's Distillery.
    54 | D:1      | Found a faded altar of an unknown god.
   494 | D:1      | Reached XP level 2. HP: 27/27 MP: 1/1
   624 | D:1      | Reached skill level 4 in Axes
  1109 | D:2      | Reached XP level 3. HP: 34/34 MP: 2/2
  1599 | D:3      | Noticed Natasha
  1604 | D:3      | Reached ** piety under Trog
  1608 | D:3      | Killed Natasha
  1609 | D:3      | Reached XP level 4. HP: 33/41 MP: 3/3
  1655 | D:3      | Noticed Natasha
  1664 | D:3      | Killed Natasha
  1665 | D:3      | Reached skill level 5 in Axes
  1839 | D:3      | Noticed Natasha
  1850 | D:3      | Killed Natasha
  1851 | D:3      | Reached XP level 5. HP: 14/47 MP: 4/4
  2675 | D:4      | Found a glowing silver altar of Zin.
  2743 | D:4      | Reached skill level 5 in Fighting
  2784 | D:4      | Found a large runed translucent door.
  2784 | D:4      | Found a large runed translucent door.
  2784 | D:4      | Noticed a water moccasin
  2814 | D:4      | Reached XP level 6. HP: 53/56 MP: 5/5
  2817 | D:4      | Killed a water moccasin
  2818 | D:4      | Reached skill level 6 in Axes
  2818 | D:4      | Found a large runed translucent door.
  2818 | D:4      | Found a large runed translucent door.
  2890 | D:4      | Noticed a water moccasin
  2895 | D:4      | Killed a water moccasin
  2896 | D:4      | Reached skill level 5 in Armour
  2898 | D:4      | Reached *** piety under Trog
  2901 | D:4      | Identified the +1 flail of Desperation {freeze, Contam rN+
                  | rCorr Dex+5}
  2993 | D:4      | Reached XP level 7. HP: 54/61 MP: 6/6
  3044 | D:4      | Reached skill level 7 in Axes
  3192 | D:5      | Entered Level 5 of the Dungeon
  3386 | D:5      | Reached skill level 8 in Axes
  3386 | D:5      | Reached skill level 1 in Shields
  3670 | D:5      | Found a white marble altar of Elyvilon.
  3684 | D:5      | Reached XP level 8. HP: 64/70 MP: 7/7
  3740 | D:5      | Reached skill level 1 in Stealth
  3808 | D:5      | Reached skill level 9 in Axes
  4004 | D:5      | Reached **** piety under Trog
  4640 | D:6      | Reached skill level 10 in Axes
  4640 | D:6      | Reached XP level 9. HP: 77/79 MP: 8/8
  4975 | D:6      | Found a burning altar of Makhleb.
  4985 | D:6      | Found an iron altar of Okawaru.
  5003 | D:6      | Found a shadowy altar of Dithmenos.
  5004 | D:6      | Found an ancient bone altar of Kikubaaqudgha.
  5064 | D:6      | Reached skill level 11 in Axes
  5087 | D:6      | Mangled by an orc warrior

Illustrated notes

Levels and vault maps discovered:
D:1:      psy_arrival_whirlpool, layout_loops_corners, serial_shops, shop,
          hellmonk_ecumenical_altar_zigzags
D:2:      minmay_diamond_boxcup, layout_basic, minivault_23,
          kennysheep_generic_room_10
D:3:      layout_rooms, kennysheep_generic_room_16, uniq_natasha
D:4:      layout_rooms, general_overflow_altar, minmay_hollow_rounded_squares
D:5:      layout_rooms, elyvilon_altar_3, grunt_ministairs_1, nzn_random_ring
D:6:      layout_basic, kennysheep_mini, overflow_temple_1_default,
          gammafunk_temple_overflow_pools, minmay_temple_entry_mist,
          enter_ossuary_5, minmay_joined_circles

Skill      XL: |  1  2  3  4  5  6  7  8  9 |
---------------+----------------------------+-----
Fighting       | 4 5 6 7 |  7.6
Axes           | 4 5 6 8 10 11 | 11.0
Armour         | 3 4 5 6 7 8 |  8.3
Dodging        | 3 4 |  4.3
Shields        | 1 2 3 |  3.5
Stealth        | 1 |  1.2

Action                   |  1- 3 |  4- 6 |  7- 9 || total
-------------------------+-------+-------+-------++-------
Melee: Hand axe          |    18 |       |       ||    18
       Headbutt          |    10 |    19 |    33 ||    62
       War axe           |    47 |    97 |   211 ||   355
Invok: Berserk           |     1 |     1 |     1 ||     3
  Use: Scroll            |     4 |       |     4 ||     8
       Potion            |     4 |       |     4 ||     8
Armor: Animal skin       |     2 |       |       ||     2
       Ring mail         |    21 |    33 |       ||    54
       Chain mail        |       |    15 |   136 ||   151
Dodge: Dodged            |    34 |    70 |    94 ||   198
Block: Buckler           |       |    11 |    42 ||    53
